| TOP OF THE 1ST |
|
Bowie Baysox batting - Pitching for Northwest Arkansas Naturals : RHP Jim Haggart
|
|
Pitching: RHP Jim Haggart
|
|
|
Batting: RHB Joe Young
|
0-0: Called Strike 0-1: Called Strike 0-2: Fly out, F9 (Line Drive, 9, EV 95.0 MPH)
|
|
Batting: RHB Daniel Jackson
|
0-0: Called Strike 0-1: Ball 1-1: Ball 2-1: TRIPLE (Flyball, 78XD, EV 103.1 MPH)
|
|
Batting: RHB Luke Vaccarino
|
0-0: Called Strike 0-1: Ground out 1-3 (Groundball, 15S, EV 64.4 MPH)
|
|
Batting: RHB Jonathan Mendoza
|
0-0: Called Strike 0-1: Swinging Strike 0-2: Strikes out swinging
|
| Top of the 1st over - 0 runs, 1 hit, 0 errors, 1 left on base; Bowie 0 - Northwest Arkansas 0 |
| BOTTOM OF THE 1ST |
|
Northwest Arkansas Naturals batting - Pitching for Bowie Baysox : RHP Jonathan Spicer
|
|
Pitching: RHP Jonathan Spicer
|
|
|
Batting: LHB Edgar Ortiz
|
0-0: Called Strike 0-1: Ball 1-1: Swinging Strike 1-2: Foul Ball, location: 2F 1-2: Ground out 5-3 (Groundball, 56, EV 101.9 MPH)
|
|
Batting: RHB Kevin Allen
|
0-0: Called Strike 0-1: Ball 1-1: Called Strike 1-2: DOUBLE (Line Drive, 89D, EV 106.9 MPH)
|
|
Batting: LHB Pablo Serrato
|
0-0: Ball 1-0: Foul Ball, location: 2F 1-1: Ball 2-1: Foul Ball, location: 2F 2-2: Foul Ball, location: 2F 2-2: Ball 3-2: Ground out 6-3 (Groundball, 6, EV 90.0 MPH) Kevin Allen to third
|
|
Batting: RHB Nick Julien
|
0-0: Called Strike 0-1: SINGLE (Line Drive, 6MD, EV 96.2 MPH) Kevin Allen scores
|
|
Batting: SHB Bill Ertl
|
0-0: Ball 1-0: Fly out, F9 (Flyball, 9LD, EV 81.2 MPH)
|
| Bottom of the 1st over - 1 run, 2 hits, 0 errors, 1 left on base; Bowie 0 - Northwest Arkansas 1 |
| TOP OF THE 2ND |
|
Bowie Baysox batting - Pitching for Northwest Arkansas Naturals : RHP Jim Haggart
|
|
Batting: RHB Wes Reynolds
|
0-0: Ball 1-0: Called Strike 1-1: Fly out, F7 (Flyball, 7, EV 86.2 MPH)
|
|
Batting: RHB Alfredo Reguera
|
0-0: Called Strike 0-1: Ball 1-1: SINGLE (Groundball, 6MD, EV 95.6 MPH)
|
|
Batting: RHB Josh Hopp
|
0-0: Ball 1-0: Foul Ball, location: 2F 1-1: Swinging Strike 1-2: Strikes out looking
|
|
Batting: RHB Wil Ochoa
|
0-0: Ball 1-0: Ball 2-0: Swinging Strike 2-1: Ball 3-1: Foul Ball, location: 2F 3-2: Foul Ball, location: 2F 3-2: Strikes out looking
|
| Top of the 2nd over - 0 runs, 1 hit, 0 errors, 1 left on base; Bowie 0 - Northwest Arkansas 1 |
| BOTTOM OF THE 2ND |
|
Northwest Arkansas Naturals batting - Pitching for Bowie Baysox : RHP Jonathan Spicer
|
|
Batting: RHB Edwin Ramos
|
0-0: Called Strike 0-1: Ball 1-1: Swinging Strike 1-2: Foul Ball, location: 2F 1-2: Strikes out looking
|
|
Batting: SHB Mike Williams
|
0-0: Ball 1-0: Called Strike 1-1: Called Strike 1-2: Strikes out swinging
|
|
Batting: RHB Phil Hamby
|
0-0: Ball 1-0: Called Strike 1-1: Called Strike 1-2: Foul Ball, location: 2F 1-2: Strikes out swinging
|
| Bottom of the 2nd over - 0 runs, 0 hits, 0 errors, 0 left on base; Bowie 0 - Northwest Arkansas 1 |
| TOP OF THE 3RD |
|
Bowie Baysox batting - Pitching for Northwest Arkansas Naturals : RHP Jim Haggart
|
|
Batting: RHB Honório Szenes
|
0-0: Ball 1-0: Called Strike 1-1: Ball 2-1: Ball 3-1: Foul Ball, location: 2F 3-2: Foul Ball, location: 2F 3-2: Foul Ball, location: 2F 3-2: Base on Balls
|
|
Batting: RHB Joe Young
|
0-0: Ball 1-0: Called Strike 1-1: Ball 2-1: Called Strike 2-2: Ball 3-2: Foul Ball, location: 2F 3-2: Fly out, F8 (Flyball, 8RD, EV 90.6 MPH)
|
|
Batting: RHB Daniel Jackson
|
0-0: Foul Ball, location: 2F 0-1: Foul Ball, location: 2F 0-2: Ball 1-2: Foul Ball, location: 2F 1-2: Ball 2-2: Foul Ball, location: 2F 2-2: Ball 3-2: Strikes out swinging
|
|
Batting: RHB Luke Vaccarino
|
0-0: Ball 1-0: Ball 2-0: Ball 3-0: Base on Balls Honório Szenes to second
|
|
Batting: RHB Jonathan Mendoza
|
0-0: TRIPLE (Flyball, 89XD, EV 96.2 MPH) Honório Szenes scores Luke Vaccarino scores
|
|
Batting: RHB Wes Reynolds
|
0-0: Swinging Strike 0-1: Called Strike 0-2: Ball 1-2: Reached on error, E4 (Groundball, 4, EV 81.9 MPH) Jonathan Mendoza scores
|
|
Batting: RHB Alfredo Reguera
|
0-0: Called Strike 0-1: Ball 1-1: Foul Ball, location: 2F 1-2: Ground out 4-3 (Groundball, 34, EV 102.5 MPH)
|
| Top of the 3rd over - 3 runs, 1 hit, 1 error, 1 left on base; Bowie 3 - Northwest Arkansas 1 |
| BOTTOM OF THE 3RD |
|
Northwest Arkansas Naturals batting - Pitching for Bowie Baysox : RHP Jonathan Spicer
|
|
Batting: RHB Vance Coen
|
0-0: Ball 1-0: Swinging Strike 1-1: Swinging Strike 1-2: Ball 2-2: Strikes out swinging
|
|
Batting: LHB Edgar Ortiz
|
0-0: Ball 1-0: Called Strike 1-1: Swinging Strike 1-2: Foul Ball, location: 2F 1-2: Ball 2-2: Strikes out swinging
|
|
Batting: RHB Kevin Allen
|
0-0: Ball 1-0: Swinging Strike 1-1: Ground out 5-3 (Groundball, 5, EV 83.1 MPH)
|
| Bottom of the 3rd over - 0 runs, 0 hits, 0 errors, 0 left on base; Bowie 3 - Northwest Arkansas 1 |
| TOP OF THE 4TH |
|
Bowie Baysox batting - Pitching for Northwest Arkansas Naturals : RHP Jim Haggart
|
|
Batting: RHB Josh Hopp
|
0-0: Ball 1-0: Fly out, F7 (Flyball, 78S, EV 92.5 MPH)
|
|
Batting: RHB Wil Ochoa
|
0-0: Ball 1-0: SINGLE (Groundball, 4MD, EV 103.8 MPH)
|
|
Batting: RHB Honório Szenes
|
0-0: Ball 1-0: Ball 2-0: Called Strike 2-1: Ball 3-1: Swinging Strike 3-2: Strikes out looking
|
|
Batting: RHB Joe Young
|
0-0: Called Strike Wil Ochoa steals 2nd base 0-1: Fly out, F9 (Flyball, 9, EV 96.2 MPH)
|
| Top of the 4th over - 0 runs, 1 hit, 0 errors, 1 left on base; Bowie 3 - Northwest Arkansas 1 |
| BOTTOM OF THE 4TH |
|
Northwest Arkansas Naturals batting - Pitching for Bowie Baysox : RHP Jonathan Spicer
|
|
Batting: LHB Pablo Serrato
|
0-0: Foul Ball, location: 2F 0-1: Foul Ball, location: 2F 0-2: Ball 1-2: Ball 2-2: Strikes out looking
|
|
Batting: RHB Nick Julien
|
0-0: Called Strike 0-1: Swinging Strike 0-2: Ball 1-2: Strikes out swinging
|
|
Batting: SHB Bill Ertl
|
0-0: Ball 1-0: Swinging Strike 1-1: Called Strike 1-2: Strikes out looking
|
| Bottom of the 4th over - 0 runs, 0 hits, 0 errors, 0 left on base; Bowie 3 - Northwest Arkansas 1 |
| TOP OF THE 5TH |
|
Bowie Baysox batting - Pitching for Northwest Arkansas Naturals : RHP Jim Haggart
|
|
Batting: RHB Daniel Jackson
|
0-0: Ball 1-0: Foul Ball, location: 2F 1-1: Ball 2-1: Fly out, F8 (Flyball, 78M, EV 92.5 MPH)
|
|
Batting: RHB Luke Vaccarino
|
0-0: Called Strike 0-1: Ball 1-1: Ball 2-1: Foul Ball, location: 2F 2-2: Ball 3-2: Base on Balls
|
|
Batting: RHB Jonathan Mendoza
|
0-0: Ball 1-0: DOUBLE (Groundball, 5L, EV 93.8 MPH) Luke Vaccarino to third Runner from 3rd tries for Home, SAFE, throw by LF to trailing runner, SAFE at third!
|
|
Pitching: RHP Justin Potts
|
|
|
Batting: RHB Wes Reynolds
|
0-0: Ball 1-0: Foul Ball, location: 2F 1-1: Ball 2-1: Fly out, F8 (Line Drive, 8RD, EV 93.1 MPH) Runner from 3rd tags up, OUT at HOME! 8-2
|
| Top of the 5th over - 1 run, 1 hit, 0 errors, 0 left on base; Bowie 4 - Northwest Arkansas 1 |
| BOTTOM OF THE 5TH |
|
Northwest Arkansas Naturals batting - Pitching for Bowie Baysox : RHP Jonathan Spicer
|
|
Batting: RHB Edwin Ramos
|
0-0: Ball 1-0: Ball 2-0: Ball 3-0: Called Strike 3-1: Ground out U3 (Groundball, 3, EV 84.4 MPH)
|
|
Batting: SHB Mike Williams
|
0-0: Called Strike 0-1: Ball 1-1: Ground out 3-1 (Groundball, 34, EV 90.6 MPH)
|
|
Batting: RHB Phil Hamby
|
0-0: Foul Ball, location: 2F 0-1: Ball 1-1: Called Strike 1-2: Strikes out swinging
|
| Bottom of the 5th over - 0 runs, 0 hits, 0 errors, 0 left on base; Bowie 4 - Northwest Arkansas 1 |
| TOP OF THE 6TH |
|
Bowie Baysox batting - Pitching for Northwest Arkansas Naturals : RHP Justin Potts
|
|
Batting: RHB Alfredo Reguera
|
0-0: Ball 1-0: Swinging Strike 1-1: Ground out 4-3 (Groundball, 34, EV 88.1 MPH)
|
|
Batting: RHB Josh Hopp
|
0-0: Ball 1-0: Called Strike 1-1: Swinging Strike 1-2: Ball 2-2: Ball 3-2: Strikes out swinging
|
|
Batting: RHB Wil Ochoa
|
0-0: Ball 1-0: Ball 2-0: Ball 3-0: Called Strike 3-1: Base on Balls
|
|
Batting: RHB Honório Szenes
|
0-0: Ball 1-0: Foul Ball, location: 2F 1-1: Swinging Strike 1-2: Strikes out swinging
|
| Top of the 6th over - 0 runs, 0 hits, 0 errors, 1 left on base; Bowie 4 - Northwest Arkansas 1 |
| BOTTOM OF THE 6TH |
|
Northwest Arkansas Naturals batting - Pitching for Bowie Baysox : RHP Jonathan Spicer
|
|
Batting: RHB Vance Coen
|
0-0: Called Strike 0-1: Swinging Strike 0-2: Strikes out looking
|
|
Batting: LHB Edgar Ortiz
|
0-0: Ball 1-0: Called Strike 1-1: Foul Ball, location: 2F 1-2: Ball 2-2: Foul Ball, location: 2F 2-2: Foul Ball, location: 2F 2-2: Fly out, F9 (Flyball, 9S, EV 83.1 MPH)
|
|
Batting: RHB Kevin Allen
|
0-0: Called Strike 0-1: Foul Ball, location: 2F 0-2: Ball 1-2: Ball 2-2: Foul Ball, location: 2F 2-2: Foul Ball, location: 2F 2-2: Ball 3-2: Fly out, F9 (Flyball, 9LS, EV 86.2 MPH)
|
| Bottom of the 6th over - 0 runs, 0 hits, 0 errors, 0 left on base; Bowie 4 - Northwest Arkansas 1 |
| TOP OF THE 7TH |
|
Bowie Baysox batting - Pitching for Northwest Arkansas Naturals : RHP Justin Potts
|
|
Pitching: RHP Jon Griffin
|
|
|
Batting: RHB Joe Young
|
0-0: Foul Ball, location: 2F 0-1: Ball 1-1: Ball 2-1: Foul Ball, location: 2F 2-2: SINGLE (Groundball, 6MD, EV 98.8 MPH)
|
|
Batting: RHB Daniel Jackson
|
0-0: Ball 1-0: Foul Ball, location: 2F 1-1: Ball 2-1: SINGLE (Groundball, 6MS, EV 71.2 MPH) (infield hit) Joe Young to second
|
|
Batting: RHB Luke Vaccarino
|
0-0: Ball 1-0: Foul Ball, location: 2F 1-1: Ball 2-1: Ball 3-1: Base on Balls Joe Young to third Daniel Jackson to second
|
|
Batting: RHB Jonathan Mendoza
|
0-0: Swinging Strike 0-1: Ball 1-1: Swinging Strike 1-2: Strikes out swinging
|
|
Batting: RHB Wes Reynolds
|
0-0: Swinging Strike 0-1: Ball 1-1: Ball 2-1: Swinging Strike 2-2: Ball 3-2: Base on Balls Joe Young scores Daniel Jackson to third Luke Vaccarino to second
|
|
Batting: RHB Alfredo Reguera
|
0-0: Fielders Choice at 2nd, 3-6 (Groundball, 34, EV 95.0 MPH) Daniel Jackson scores Luke Vaccarino to third
|
|
Pitching: RHP Alex Sanders
|
|
|
Batting: RHB Josh Hopp
|
0-0: Called Strike 0-1: Ball 1-1: Ball 2-1: Ball 3-1: Base on Balls Alfredo Reguera to second
|
|
Batting: RHB Wil Ochoa
|
0-0: Ball 1-0: Foul Ball, location: 2F 1-1: Ball 2-1: Swinging Strike 2-2: Foul Ball, location: 2F 2-2: Ball 3-2: Foul Ball, location: 2F 3-2: Base on Balls Luke Vaccarino scores Alfredo Reguera to third Josh Hopp to second
|
|
Batting: RHB Honório Szenes
|
0-0: Ball 1-0: Ball 2-0: Ball 3-0: Called Strike 3-1: Foul Ball, location: 2F 3-2: SINGLE (Groundball, 15S, EV 66.2 MPH) (infield hit) Alfredo Reguera scores Josh Hopp to third Wil Ochoa to second
|
|
Batting: RHB Joe Young
|
0-0: SINGLE (Groundball, 56D, EV 103.1 MPH) Josh Hopp scores Wil Ochoa to third Honório Szenes to second
|
|
Batting: RHB Daniel Jackson
|
0-0: Called Strike 0-1: Called Strike 0-2: Fielders Choice at 2nd, 5-4 (Groundball, 5, EV 97.5 MPH)
|
| Top of the 7th over - 5 runs, 4 hits, 0 errors, 3 left on base; Bowie 9 - Northwest Arkansas 1 |
| BOTTOM OF THE 7TH |
|
Northwest Arkansas Naturals batting - Pitching for Bowie Baysox : RHP Jonathan Spicer
|
|
Pitching: RHP Casey Tietjen
|
|
|
Pinch Hitting: LHB Josh Dalton
|
0-0: Ball 1-0: Ball 2-0: Ball 3-0: Called Strike 3-1: Foul Ball, location: 2F 3-2: Foul Ball, location: 2F 3-2: Base on Balls
|
|
Pinch Hitting: LHB Danny Pacheco
|
0-0: Fly out, F6 (Popup, 56D, EV 50.6 MPH)
|
|
Batting: SHB Bill Ertl
|
0-0: Fielders Choice at 2nd, 4-6 (Groundball, 13, EV 90.0 MPH)
|
|
Batting: RHB Edwin Ramos
|
0-0: Ball Bill Ertl steals 2nd base (no throw) 1-0: Foul Ball, location: 2F 1-1: Swinging Strike 1-2: 2-RUN HOME RUN (Flyball, 7LD, EV 93.8 MPH), Distance : 348 ft
|
|
Batting: SHB Mike Williams
|
0-0: Called Strike 0-1: Fly out, F9 (Flyball, 89S, EV 92.5 MPH)
|
| Bottom of the 7th over - 2 runs, 1 hit, 0 errors, 0 left on base; Bowie 9 - Northwest Arkansas 3 |
| TOP OF THE 8TH |
|
Bowie Baysox batting - Pitching for Northwest Arkansas Naturals : RHP Alex Sanders
|
|
Now at SS: Danny Pacheco
|
|
|
Now in LF: Josh Dalton
|
|
|
Batting: RHB Luke Vaccarino
|
0-0: Foul Ball, location: 2F 0-1: Ball 1-1: Ball 2-1: Swinging Strike 2-2: Ball 3-2: SINGLE (Line Drive, 8RS, EV 85.6 MPH)
|
|
Pitching: RHP Gary Ackerman
|
|
|
Batting: RHB Jonathan Mendoza
|
0-0: Swinging Strike 0-1: Called Strike 0-2: Ball 1-2: Strikes out swinging
|
|
Batting: RHB Wes Reynolds
|
0-0: Ball 1-0: Called Strike 1-1: Ball Wild Pitch! Luke Vaccarino to second 2-1: Ground out 6-3 (Groundball, 6, EV 83.1 MPH)
|
|
Batting: RHB Alfredo Reguera
|
0-0: Ball 1-0: Called Strike 1-1: Swinging Strike 1-2: Foul Ball, location: 2F 1-2: Strikes out swinging
|
| Top of the 8th over - 0 runs, 1 hit, 0 errors, 1 left on base; Bowie 9 - Northwest Arkansas 3 |
| BOTTOM OF THE 8TH |
|
Northwest Arkansas Naturals batting - Pitching for Bowie Baysox : RHP Casey Tietjen
|
|
Batting: RHB Phil Hamby
|
0-0: Ball 1-0: Ball 2-0: Called Strike 2-1: SINGLE (Line Drive, 6D, EV 106.9 MPH)
|
|
Pitching: RHP Jon Grason
|
|
|
Batting: RHB Vance Coen
|
0-0: Swinging Strike 0-1: Foul Ball, location: 2F 0-2: Strikes out swinging
|
|
Batting: LHB Edgar Ortiz
|
0-0: Ball 1-0: Foul Ball, location: 2F 1-1: Called Strike 1-2: Strikes out swinging
|
|
Batting: RHB Kevin Allen
|
0-0: Ball 1-0: Ball 2-0: Ground out 4-3 (Groundball, 34, EV 103.8 MPH)
|
| Bottom of the 8th over - 0 runs, 1 hit, 0 errors, 1 left on base; Bowie 9 - Northwest Arkansas 3 |
| TOP OF THE 9TH |
|
Bowie Baysox batting - Pitching for Northwest Arkansas Naturals : RHP Gary Ackerman
|
|
Batting: RHB Josh Hopp
|
0-0: Called Strike 0-1: Ball 1-1: Foul Ball, location: 2RF, Error on foul ball, E2 1-2: Foul Ball, location: 2F 1-2: SOLO HOME RUN (Flyball, 78XD, EV 107.5 MPH), Distance : 419 ft
|
|
Batting: RHB Wil Ochoa
|
0-0: Ground out 3-1 (Groundball, 34, EV 85.6 MPH)
|
|
Batting: RHB Honório Szenes
|
0-0: Ball 1-0: SINGLE (Line Drive, 9LS, EV 103.1 MPH)
|
|
Batting: RHB Joe Young
|
0-0: SINGLE (Groundball, 34D, EV 108.8 MPH) Honório Szenes to second Runner from 2nd tries for 3rd, SAFE, throw by RF made to third
|
|
Batting: RHB Daniel Jackson
|
0-0: Called Strike 0-1: Foul Ball, location: 2F 0-2: Ball 1-2: Ball Joe Young steals 2nd base 2-2: Strikes out swinging
|
|
Batting: RHB Luke Vaccarino
|
0-0: Ball 1-0: Ball 2-0: Called Strike 2-1: Ball 3-1: Ground out U3 (Groundball, 34, EV 84.4 MPH)
|
| Top of the 9th over - 1 run, 3 hits, 1 error, 2 left on base; Bowie 10 - Northwest Arkansas 3 |
| BOTTOM OF THE 9TH |
|
Northwest Arkansas Naturals batting - Pitching for Bowie Baysox : RHP Jon Grason
|
|
Batting: LHB Josh Dalton
|
0-0: Ball 1-0: Foul Ball, location: 2F 1-1: Swinging Strike 1-2: Strikes out swinging
|
|
Batting: LHB Danny Pacheco
|
0-0: Foul Ball, location: 2F 0-1: Called Strike 0-2: Ball 1-2: Strikes out looking
|
|
Pinch Hitting: RHB Adam Krieger
|
0-0: Ball 1-0: Ground out 4-3 (Groundball, 34, EV 81.9 MPH)
|
| Bottom of the 9th over - 0 runs, 0 hits, 0 errors, 0 left on base; Bowie 10 - Northwest Arkansas 3 |
|